 Dungeon Crawl Stone Soup version 0.28.0-43-g3370ac3207 (webtiles) character file.

Game seed: 1552544598880573583

65 issech the Cudgeller (level 3, -5/36 HPs)
             Began as a Troll Monk on Apr 1, 2022.
             Splashed by a jelly's acid (9 damage)
             ... on level 2 of the Dungeon.
             The game lasted 00:04:56 (1626 turns).

issech the Cudgeller (Troll Monk)                   Turns: 1626, Time: 00:04:57

Health: -5/36      AC: -12   Str: 19    XL:     3   Next: 94%
Magic:  2/2        EV: 10    Int:  6    God:
Gold:   33         SH:  0    Dex: 14    Spells: 2/2 levels left

rFire   . . .      SeeInvis .   a - +0 mace
rCold   . . .      Faith    .   (no shield)
rNeg    . . .      Spirit   .   b - +0 robe
rPois   .          Reflect  .   (helmet restricted)
rElec   .          Harm     .   (no cloak)
rCorr   .          Rampage  .   (gloves unavailable)
Will    .....                   (boots unavailable)
Stlth   ++........              (no amulet)
HPRegen 0.92/turn               (no ring)
MPRegen 0.08/turn               (no ring)

@: corroded
A: large, unfitting armour, claws 3, regeneration 1, shaggy fur 1, tough skin 1
a: no special abilities


You were on level 2 of the Dungeon.
You visited 1 branch of the dungeon, and saw 2 of its levels.

You collected 33 gold pieces.

Inventory:

Hand Weapons
 a - a +0 mace (weapon)
 f - a +1 dagger of venom
 i - a +0 hunting sling
 m - a +3 dagger
Missiles
 c - 14 stones (quivered)
 e - 5 poisoned darts
 h - 9 sling bullets
 k - 14 arrows
Armour
 b - a +0 robe (worn)
Scrolls
 j - a scroll of teleportation {unknown}
 n - a scroll of magic mapping {unknown}
Potions
 d - a potion of brilliance {unknown}
 g - a potion of resistance {unknown}
 l - a potion of invisibility {unknown}


   Skills:
 + Level 2.7 Fighting
 + Level 3.4 Maces & Flails
 + Level 1.0 Throwing
 + Level 2.9 Dodging
 + Level 1.1 Stealth


You had 2 spell levels left.
You didn't know any spells.
Your spell library was empty.

Dungeon Overview and Level Annotations

Branches:
Dungeon (2/15)

Altars:

Shops:
D:1 :


Innate Abilities, Weirdness & Mutations

You are too large for most types of armour.
You have claws for hands.
Your natural rate of healing is unusually fast.
You are covered in fur. (AC +1)
You have tough skin. (AC +1)


Message History

You throw a stone. The stone hits the jelly.
The jelly is moderately wounded.
Things that are here:
a +0 club; a kobold corpse You hit the jelly.
Your claws burn!
The jelly is heavily wounded.
Something hits the fungus.
The fungus begins to die.
The jelly hits you but does no damage.
You hit the jelly.
Your claws burn!
The jelly is heavily wounded.
Something hits the fungus.
The jelly closely misses you.
You hit the jelly.
Your claws burn!
The jelly is severely wounded.
Something hits the fungus. x2; The fungus begins to die.
The jelly hits you. The acid corrodes you!
You are splashed with acid.
Something hits the fungus.
You hit the jelly but do no damage.
Your claws burn!
Your claw misses the jelly.
The jelly is severely wounded.
Something hits the fungus.
The jelly hits you.
You are splashed with acid.
Something hits the fungus. x2; The jelly barely misses you.
You barely miss the jelly.
The jelly is severely wounded.
A nearby fungus withers and dies.
The jelly closely misses you.
You hit the jelly. The acid corrodes you!
Your claws burn!
The jelly is almost dead.
The jelly hits you.
You are splashed with acid.
* * * LOW HITPOINT WARNING * * *
There is an open door here.
You hit the jelly but do no damage. The acid corrodes you!
Your claws burn!
The jelly is almost dead.
The jelly hits you. The acid corrodes you!
You are splashed with acid!
* * * LOW HITPOINT WARNING * * *
You hit the jelly but do no damage.
Your claws burn!
* * * LOW HITPOINT WARNING * * *
The jelly is almost dead.
The jelly closely misses you. The jelly hits you.
* * * LOW HITPOINT WARNING * * *
You are splashed with acid!
You die...

#.# #.############
#............#
#.############ #..#
### ##.#
#######.##.÷...
#)####....#J#.#..PPP
#..##.....#.#J#JJ...
#..@JJ....#'#.#..PP.
#..'J..J....#J#.÷J..
##.'........#.#JPPPP
#.##.......#J#.((J.
#####......##'..P..
##########J((.÷
#####


You could see a jelly and 3 endoplasms.

Vanquished Creatures
  A jelly (D:2)
  A ball python (D:1)
  A bat (D:1)
  4 endoplasms
  A giant cockroach (D:1)
  4 goblins (D:1)
  4 jackals (D:1)
  7 kobolds
  4 quokkas (D:1)
  4 frilled lizards (D:1)
  A rat (D:1)
32 creatures vanquished.

Vanquished Creatures (others)
  5 fungi (D:2)
  7 toadstools (D:2)
12 creatures vanquished.

Grand Total: 44 creatures vanquished

Notes
Turn   | Place    | Note
-------+----------+-------------------------------------------
     0 | D:1      | issech the Troll Monk began the quest for the Orb.
     0 | D:1      | Reached XP level 1. HP: 22/22 MP: 0/0
    66 | D:1      | Found Gomnozxi's Book Emporium.
   161 | D:1      | Reached XP level 2. HP: 29/29 MP: 1/1
   429 | D:1      | Reached skill level 3 in Maces & Flails
  1378 | D:2      | Reached XP level 3. HP: 33/36 MP: 2/2
  1388 | D:2      | Found a faded altar of an unknown god.
  1592 | D:2      | Reached skill level 1 in Throwing
  1626 | D:2      | Splashed by a jelly's acid

Illustrated notes

Levels and vault maps discovered:
D:1:      dpeg_arrival_another_circle, layout_basic, serial_shops, shop,
          nrook_campfire
D:2:      cheibrodos_fertilizer, layout_loops_ring,
          shapermc_ecumenical_altar_ellora, uniq_terence

Skill      XL: |  1  2  3 |
---------------+----------+-----
Maces & Flails | 3 |  3.4
Throwing       | 1 |  1.0
Fighting       | |  2.7
Dodging        | |  2.9
Stealth        | |  1.1

Action                   || total
-------------------------++-------
Melee: Mace              ||   115
       Punch             ||     1
Throw: Stone             ||    62
 Stab: Sleeping          ||     1
Armor: Robe              ||    48
Dodge: Dodged            ||    64
